 Dungeon Crawl Stone Soup version 0.25.1-2-g60ff931df9 (webtiles) character file.

Game seed: 9683566926746003532

1169 Garessta the Changer (level 8, -3/48 HPs)
             Began as an Octopode Transmuter on Oct 17, 2020.
             Was a Follower of Cheibriados.
             Killed by divine providence
             ... invoked by an orc priest
              (17 damage)
             ... on level 6 of the Dungeon.
             The game lasted 00:21:01 (8069 turns).

Garessta the Changer (Octopode Transmuter)          Turns: 8069, Time: 00:21:02

Health: -3/48      AC:  2    Str: 15    XL:     8   Next: 40%
Magic:  8/11       EV: 20    Int: 18    God:    Cheibriados [*.....]
Gold:   332        SH:  0    Dex: 20    Spells: 0/11 levels left

rFire    . . .     SeeInvis .     - Unarmed
rCold    . . .     Gourm    .   (shield currently unavailable)
rNeg     . . .     Faith    .   (helmet currently unavailable)
rPois    x         Spirit   .   (no amulet)
rElec    .         Reflect  .   i - ring of flight
rCorr    .         Harm     .   s - ring of protection from magic
MR       +....                  (no ring)
Stlth    ++........             (no ring)
HPRegen  0.16/turn              (no ring)
MPRegen  0.12/turn              (no ring)
                                (no ring)
                                (no ring)

@: spider-form (expiring), very slow
A: tiny, almost no armour, stealthy swim, (amphibious), 8 rings, (constrict 8)
a: End Transformation, Bend Time, Renounce Religion, Evoke Flight


You were on level 6 of the Dungeon.
You worshipped Cheibriados.
Cheibriados was aware of your devotion.
You were not hungry.
You were a venomous arachnid creature.
You visited 2 branches of the dungeon, and saw 7 of its levels.

You collected 332 gold pieces.

Inventory:

Missiles
 a - 77 arrows
Jewellery
 i - a ring of flight (left front leg)
 s - a ring of protection from magic (right front leg)
Wands
 x - a wand of clouds (4)
Scrolls
 d - 3 scrolls of enchant armour
 e - 2 scrolls of amnesia
 f - a scroll of random uselessness {unknown}
 h - a scroll of fog {unknown}
 m - 2 scrolls of magic mapping {unknown}
 o - a scroll of enchant weapon {unknown}
 p - a scroll of fear
 r - a scroll of immolation {unknown}
 t - 2 scrolls of teleportation {unknown}
 v - a scroll of blinking {unknown}
 y - a scroll of remove curse {unknown}
Potions
 b - a potion of lignification
 g - a potion of flight {unknown}
 j - 4 potions of heal wounds
 k - 7 potions of curing
 l - a potion of resistance {unknown}
 n - a potion of brilliance {unknown}
 q - 2 potions of magic
 u - a potion of might {unknown}
 w - a potion of ambrosia {unknown}
Comestibles
 c - 10 rations
 z - 3 chunks of flesh


   Skills:
 + Level 1.3 Fighting
 + Level 2.2 Dodging
 + Level 1.3 Stealth
 + Level 6.7 Unarmed Combat
 - Level 2.0 Spellcasting
 * Level 7.0 Transmutations
 + Level 2.8 Invocations


You couldn't memorise any spells.
You knew the following spells:

 Your Spells              Type           Power        Failure   Level  Hunger
a - Beastly Appendage     Tmut           ####..       5%          1    #......
b - Sticks to Snakes      Tmut           ####....     7%          2    ###....
c - Spider Form           Tmut/Pois      ##........   30%         3    ###....
d - Blade Hands           Tmut           ####......   50%         5    ######.

Your spell library contained the following spells:

 Spells                   Type           Power        Failure   Level  Hunger
 Ice Form                 Ice/Tmut       ##......     61%         4    #####..


Dungeon Overview and Level Annotations

Branches:
Dungeon (6/15)             Temple (1/1) D:4

Altars:
Cheibriados
Dithmenos
Fedhas
Kikubaaqudgha
Makhleb
Nemelex Xobeh
Okawaru
Ru
Trog
Vehumet
The Shining One


Innate Abilities, Weirdness & Mutations

You cannot wear most types of armour.
You are very stealthy in the water. (Stealth+)
((You are amphibious.))
You can wear up to eight rings at the same time.
((You can use your tentacles to constrict eight enemies at once.))
((Your skin changes colour to match your surroundings (Stealth+).))
((Your rubbery body absorbs attacks. (AC +1, EV +1)))


Message History

An orc priest comes into view. It is wielding a +0 flail.
The orc throws a boomerang.
The boomerang completely misses you.
The weapon returns to the orc!
Your transformation is almost over.
The orc priest invokes the aid of Beogh against you.
Beogh smites you!
The orc throws a boomerang.
The boomerang barely misses your ball python.
The boomerang misses you.
The weapon returns to the orc!
The orc priest invokes the aid of Beogh against you.
Something writhes in agony!
The orc priest calls down the wrath of Beogh upon you.
Beogh smites you!
* * * LOW HITPOINT WARNING * * *
The orc throws a boomerang.
The boomerang barely misses your ball python.
The boomerang completely misses you.
The weapon returns to the orc!
The orc priest calls down the wrath of Beogh upon you.
Beogh smites you!
You die...

.+ '..o... #...#.......># #.
.# #...o.. #...###.###..# #.
.# #.....o #...# #.# #..# #.
.# #.....†#####...# #.###..#
#. .# #......)...#...#
#......# #. .#
#..........#...#######.####.
#
######.....#...#............
#....S#...######...####
#.....s..#..# #...#
#.......###.####...#
#.......#......#...#
#.......#.#.##.#...#
#######.#.#.##.#...#
##..#....#...# #..#..###...#
.. #....)).....# ....
..'.##..###..#####


You could see an orc priest, an orc and a friendly ball python.

Vanquished Creatures
  Edmund (D:5)
  An orc warrior (D:6)
  2 centaurs
  3 bullfrogs (D:6)
  2 crimson imps
  A hound (D:4)
  3 orc priests (D:6)
  Ijyb (D:3)
  3 iguanas
  Natasha (thrice) (D:2)
  A worker ant (D:6)
  4 gnolls (D:3)
  8 adders
  An ooze (D:3)
  An adder zombie (D:6)
  A worm (D:3)
  7 dart slugs
  5 leopard geckos
  14 orcs
  4 ball pythons
  5 bats
  4 giant cockroaches
  8 goblins
  7 hobgoblins
  7 jackals
  4 quokkas
  8 frilled lizards
  A jackal skeleton (D:5)
  4 kobolds
  A leopard gecko zombie (D:5)
  10 rats
125 creatures vanquished.

Vanquished Creatures (collateral kills)
  2 orcs (D:6)
2 creatures vanquished.

Grand Total: 127 creatures vanquished

Notes
Turn   | Place    | Note
-------+----------+-------------------------------------------
     0 | D:1      | Garessta the Octopode Transmuter began the quest for the
                  | Orb.
     0 | D:1      | Reached XP level 1. HP: 13/13 MP: 3/3
   228 | D:1      | Reached XP level 2. HP: 12/18 MP: 3/5
   232 | D:1      | Learned a level 2 spell: Sticks to Snakes
   332 | D:1      | Found a glowing golden altar of the Shining One.
   834 | D:1      | Reached XP level 3. HP: 23/23 MP: 4/6
   839 | D:1      | Learned a level 3 spell: Spider Form
  1240 | D:1      | Reached skill level 3 in Transmutations
  1573 | D:2      | Reached XP level 4. HP: 27/28 MP: 3/7
  1685 | D:2      | Found a faded altar of an unknown god.
  2355 | D:2      | Noticed Natasha
  2365 | D:2      | Killed Natasha
  2396 | D:2      | Noticed Natasha
  2410 | D:2      | Killed Natasha
  2410 | D:2      | Reached XP level 5. HP: 12/33 MP: 4/8
  2563 | D:2      | Noticed Natasha
  2570 | D:2      | Killed Natasha
  2570 | D:2      | Reached skill level 4 in Transmutations
  3472 | D:3      | Reached skill level 5 in Unarmed Combat
  3475 | D:3      | Reached XP level 6. HP: 30/38 MP: 6/9
  3814 | D:3      | Noticed Ijyb
  3825 | D:3      | Killed Ijyb
  4502 | D:4      | Found a sacrificial altar of Ru.
  4521 | D:4      | Found a staircase to the Ecumenical Temple.
  5383 | Temple   | Entered the Ecumenical Temple
  5425 | Temple   | Became a worshipper of Cheibriados the Contemplative
  5469 | D:5      | Entered Level 5 of the Dungeon
  5532 | D:5      | Reached skill level 5 in Transmutations
  5763 | D:5      | Reached XP level 7. HP: 30/43 MP: 7/10
  5904 | D:5      | Noticed Edmund
  5926 | D:5      | Killed Edmund
  6614 | D:5      | Found a burning altar of Makhleb.
  6922 | D:6      | Reached skill level 1 in Invocations
  6978 | D:6      | Reached skill level 6 in Transmutations
  7323 | D:6      | Reached * piety under Cheibriados
  7422 | D:6      | Reached XP level 8. HP: 24/48 MP: 5/11
  7626 | D:6      | Learned a level 5 spell: Blade Hands
  8011 | D:6      | Reached skill level 1 in Stealth
  8061 | D:6      | Reached skill level 7 in Transmutations
  8069 | D:6      | Killed from afar by an orc priest

Illustrated notes

Levels and vault maps discovered:
D:1:      wander_arrival_fairy_ring, layout_basic, minmay_misc_feat_columns,
          nrook_mini_vaults, roderic_roman_lattice, tso_metal_star
D:2:      layout_loops_ring, chequers_ecumenical_altar_twisty,
          minmay_misc_feat_hallway, hangedman_decor_points,
          minmay_quadrilaterals, uniq_natasha
D:3:      layout_loops_corners, chequers_serial_rivers_room_b, uniq_ijyb
D:4:      layout_basic, nicolae_ru_path_of_blood,
          minmay_temple_entry_antechambers
D:5:      layout_basic, nicolae_overflow_hidden_temple, first_ration,
          minmay_misc_feat_secret_circle, uniq_edmund
D:6:      layout_basic, lemuel_blue_sif_altar, kennysheep_little_box
Temple:   regret_index_temple_sphere_string

Skill      XL: |  1  2  3  4  5  6  7  8 |
---------------+-------------------------+-----
Transmutations | 3 4 5 6 7 |  7.0
Unarmed Combat | 4 5 6 |  6.7
Invocations    | 2 |  2.8
Stealth        | 1 |  1.3
Fighting       | |  1.3
Dodging        | |  2.2
Spellcasting   | |  2.0

Action                   |  1- 3 |  4- 6 |  7- 9 || total
-------------------------+-------+-------+-------++-------
Melee: Unarmed           |    59 |   149 |    89 ||   297
       Kick              |    16 |    21 |     4 ||    41
       Constrict         |    14 |    25 |     5 ||    44
       Tentacles         |     7 |    12 |       ||    19
 Cast: Beastly Appendage |    18 |    28 |     8 ||    54
       Sticks to Snakes  |     2 |     1 |     6 ||     9
       Spider Form       |     2 |     9 |    17 ||    28
  Use: Scroll            |       |     2 |     5 ||     7
       Potion            |       |     1 |       ||     1
 Stab: Sleeping          |     4 |    10 |     1 ||    15
  Eat: Chunk             |     2 |    15 |     7 ||    24
       Ration            |       |       |     1 ||     1
Armor: Skin              |     6 |    12 |       ||    18
Dodge: Dodged            |    33 |    76 |    60 ||   169
